 Dungeon Crawl Stone Soup version 0.22-a0-533-g4d20840 (webtiles) character file.

505 Amnesiac the Prestidigitator (level 6, -2/32 HPs)
             Began as a Spriggan Abyssal Knight on June 23, 2018.
             Was a Follower of Lugonu.
             Slain by a thrashing horror (9 damage)
             ... on level 3 of the Abyss.
             The game lasted 00:01:56 (233 turns).

Amnesiac the Prestidigitator (SpAK)                  Turns: 233, Time: 00:01:57

Health: -2/32      AC:  2    Str: 10    XL:     6   Next: 96%
Magic:  14/14      EV: 18    Int: 14    God:    Lugonu [*.....]
Gold:   51         SH:  0    Dex: 15    Spells: 5/5 levels left

rFire    . . .     SeeInvis +   a - +1 short sword
rCold    . . .     Gourm    .   (shield restricted)
rNeg     . . .     Faith    .   b - +0 robe
rPois    .         Spirit   .   (helmet restricted)
rElec    .         Reflect  .   (no cloak)
rCorr    .         Harm     .   (gloves unavailable)
MR       +....                  (boots unavailable)
Stlth    +.........             (no amulet)
HPRegen  0.10/turn              (no ring)
MPRegen  0.14/turn              (no ring)

@: very quick
A: very small, unfitting armour, see invisible, herbivore, speed 3, slow
metabolism 2
a: Depart the Abyss, Renounce Religion


You were on level 3 of the Abyss.
You worshipped Lugonu.
Lugonu was aware of your devotion.
You were not hungry.

You visited 0 branches of the dungeon, and saw 0 of its levels.
You visited the Abyss 1 time.

You collected 51 gold pieces.

Inventory:

Hand Weapons
 a - a +1 short sword (weapon)
Armour
 b - a +0 robe (worn)
Jewellery
 i - an uncursed ring of positive energy {unknown}
Scrolls
 e - a scroll of teleportation {!r}
 f - a scroll of identify {!r}
 g - a scroll of brand weapon {!r, unknown}
Potions
 h - a potion of heal wounds {!q, unknown}
Comestibles
 c - 2 rations


   Skills:
 - Level 2.4 Fighting
 - Level 2.1 Short Blades
 - Level 3.5 Dodging
 + Level 1.7 Invocations
   Level 9.5 Evocations


You had 5 spell levels left.
You didn't know any spells.
Your spell library was empty.

Dungeon Overview and Level Annotations

Branches:
Dungeon (0/15)

Altars:


Innate Abilities, Weirdness & Mutations

You are very small and have problems with some larger weapons.
You are too small for most types of armour.
You have supernaturally acute eyesight. (SInv)
You are a herbivore.
You cover ground extremely quickly.
You need to consume almost no food.


Message History

The substance of the Abyss twists violently, and a gateway leading down appears!
There is a gateway leading deeper into the Abyss here.
You plunge deeper into the Abyss.
The abyssal rune of Zot can be found at this depth.
Found a glowing hand axe.
Unknown command.
Found a pair of boots.
Found a robe.
Found a gateway leading deeper into the Abyss.
h - a fuming emerald potion {!q}
Found a dire flail.
i - a pearl ring A blink frog comes into view.
A blink frog is nearby!
Found 7 gold pieces.
You now have 51 gold pieces (gained 7). 2 spatial vortices come into view.
The spatial vortex moves out of view.
A spatial vortex comes into view.
You enter the shallow water.
Moving in this stuff is going to be slow.
A thrashing horror comes into view.
The thrashing horror roars!
Evoke which item? (* to show all) (? for menu, Esc to quit)
Aiming: Corrosive Bolt
Press: ? - help, Shift-Dir - straight line, f - thrashing horror
Aim: a thrashing horror The bolt of acid hits the thrashing horror.
The thrashing horror is splashed with acid.
The acid corrodes the thrashing horror!
The thrashing horror is heavily damaged.
You hear a roar!
Evoke which item? (* to show all) (? for menu, Esc to quit)
Aiming: Corrosive Bolt
Press: ? - help, Shift-Dir - straight line, f/p - thrashing horror
Aim: a thrashing horror (heavily damaged, covered in acid)
The bolt of acid hits the thrashing horror.
The thrashing horror is splashed with acid.
The acid corrodes the thrashing horror!
The thrashing horror is almost destroyed.
The now-empty wand crumbles to dust.
The thrashing horror churns violently!
The thrashing horror seems to grow stronger.
The thrashing horror barely misses you. x2; You stop training Evocations.
You need to enable at least one skill for training.
You completely miss the thrashing horror.
The thrashing horror is almost destroyed.
The thrashing horror tramples you.
You hold your ground!
The thrashing horror closely misses you.
You hit the thrashing horror.
The thrashing horror is almost destroyed.
The thrashing horror misses you. x2
The thrashing horror roars!
You hit the thrashing horror.
The thrashing horror is almost destroyed.
The thrashing horror tramples you!
* * * LOW HITPOINT WARNING * * *
You stumble backwards!
The thrashing horror tramples you!
* * * LOW HITPOINT WARNING * * *
You stumble backwards!
You hit the thrashing horror.
The thrashing horror is almost destroyed.
The thrashing horror misses you. The thrashing horror tramples you!
You die...

.. .. #.. ≈≈≈≈≈ #..#. ≈≈≈
≈≈ #.. ##≈≈≈≈≈≈≈ # ##
##≈≈≈♣≈≈≈≈ #. #..###
.♣≈≈≈≈≈≈ .
#.##..#.###≈..≈≈≈≈≈#.
#....§#...#≈≈.≈≈≈≈≈.. ##
...#.@X..♣≈≈≈≈≈≈≈≈≈ ##
#........###...≈≈≈≈≈≈≈
.##...##...# #...≈≈≈≈≈≈≈
. #...# ..#..# ##..#≈
≈≈≈≈ #
#..#..#.#...#...#≈≈≈≈≈≈≈≈
. . ...#.#.##... ≈≈≈≈≈♣≈.
#........#..# .#.#≈≈≈≈≈♣
# # ..#........≈≈≈≈≈≈≈≈≈≈
#.#. ...#..#.##. ≈≈≈≈≈≈.


You could see a thrashing horror.

Vanquished Creatures
  A large abomination (Abyss:2)
  A wight (Abyss:2)
  A crimson imp (Abyss:2)
3 creatures vanquished.

Vanquished Creatures (others)
  4 starspawn tentacles (Abyss:2)
4 creatures vanquished.

Grand Total: 7 creatures vanquished

Notes
Turn   | Place    | Note
-------+----------+-------------------------------------------
     0 | Abyss:1  | Amnesiac the Spriggan Abyssal Knight began the quest for the Orb.
     0 | Abyss:1  | Reached XP level 1. HP: 11/11 MP: 3/3
     0 | Abyss:1  | Found a corrupted altar of Lugonu.
    16 | Abyss:2  | Noticed a tentacled starspawn
    86 | Abyss:2  | Noticed a naga mage
    86 | Abyss:2  | Noticed a naga
    92 | Abyss:2  | Noticed a crimson imp
    95 | Abyss:2  | Killed a crimson imp
    95 | Abyss:2  | Reached skill level 3 in Evocations
    95 | Abyss:2  | Reached XP level 2. HP: 16/16 MP: 3/5
    95 | Abyss:2  | Reached XP level 3. HP: 19/19 MP: 3/6
   108 | Abyss:2  | Noticed a large abomination
   110 | Abyss:2  | Noticed a large abomination
   121 | Abyss:2  | Reached skill level 5 in Evocations
   121 | Abyss:2  | Reached XP level 4. HP: 23/23 MP: 4/8
   124 | Abyss:2  | Killed a large abomination
   124 | Abyss:2  | Reached skill level 9 in Evocations
   124 | Abyss:2  | Reached XP level 5. HP: 27/27 MP: 4/13
   124 | Abyss:2  | Reached XP level 6. HP: 32/32 MP: 4/14
   181 | Abyss:3  | Noticed a blink frog
   207 | Abyss:3  | Noticed a spatial vortex
   207 | Abyss:3  | Noticed a spatial vortex
   208 | Abyss:3  | Noticed a spatial vortex
   222 | Abyss:3  | Noticed a thrashing horror
   233 | Abyss:3  | Slain by a thrashing horror

Vault maps used:
Abyss:2:  minivault_25, hangedman_decor_riveting, hangedman_stitches_earthworm
Abyss:3:  hangedman_abyss_mock_shop

Skill      XL: |  1  2  3  4 |
---------------+-------------+-----
Evocations     | 3 5 9 |  9.5
Fighting       | |  2.4
Short Blades   | |  2.1
Dodging        | |  3.5
Invocations    | |  1.7

Action                   |  1- 3 |  4- 6 || total
-------------------------+-------+-------++-------
Melee: Short sword       |       |     4 ||     4
Evoke: Wand              |     1 |     5 ||     6
  Use: Scroll            |     1 |       ||     1
Dodge: Dodged            |     2 |     6 ||     8

Table legend:
 A = Spawn XP
 B = Non-spawn XP
 C = Spawn XP percentage of total XP
 D = Spawn monster count
 E = Non-spawn monster count
 F = Spawn count percentage of total count
 G = Total turns spent on level
                    A         B        C        D         E        F      G
               +---------+---------+-------+---------+---------+-------+---------
         Total |      50 |     672 |   6.9 |       1 |       2 |  33.3 |   233
               +---------+---------+-------+---------+---------+-------+---------
       Abyss:2 |      50 |     672 |   6.9 |       1 |       2 |  33.3 |   112
               +---------+---------+-------+---------+---------+-------+---------
